 Dungeon Crawl Stone Soup version 0.27.0-1-g7a089689b8 (webtiles) character file.

Game seed: 14837083642839727979

4055 Crownlay the Peltast (level 10, -5/76 (80) HPs)
             Began as a Hill Orc Fighter on Aug 12, 2021.
             Was an Initiate of Okawaru.
             Slain by a two-headed ogre (18 damage)
             ... on level 8 of the Dungeon.
             The game lasted 00:22:22 (12769 turns).

Crownlay the Peltast (Hill Orc Fighter)            Turns: 12769, Time: 00:22:23

HP:   -5/76 (80)    AC: 17    Str: 23    XL:     10   Next: 25%
MP:   10/10         EV:  8    Int:  8    God:    Okawaru [......]
Gold: 457           SH: 14    Dex: 10    Spells: 9/9 levels left

rFire    . . .     SeeInvis .   i - +3 scimitar
rCold    . . .     Faith    .   c - +0 kite shield
rNeg     . . .     Spirit   .   z - +3 chain mail {rPois}
rPois    +         Reflect  .   d - +0 helmet
rElec    .         Harm     .   D - +2 cloak
rCorr    .         Rampage  .   (no gloves)
Will     .....                  f - +0 pair of boots
Stlth    ..........             (no amulet)
HPRegen  0.22/turn              (no ring)
MPRegen  0.12/turn              (no ring)

@: drained
A: no striking features
a: Renounce Religion


You were on level 8 of the Dungeon.
You worshipped Okawaru.
Okawaru was noncommittal.
You visited 2 branches of the dungeon, and saw 9 of its levels.
You also visited: Sewer and Ossuary.

You collected 457 gold pieces.

Inventory:

Hand Weapons
 i - a +3 scimitar (weapon)
Armour
 c - a +0 kite shield (worn)
 d - a +0 helmet (worn)
 f - a +0 pair of boots (worn)
 q - a +0 plate armour
 z - a +3 chain mail of poison resistance (worn)
 D - a +2 cloak (worn)
Wands
 g - a wand of iceblast (34)
 C - a wand of flame (7)
 F - a wand of polymorph (10)
 H - a wand of acid (6)
Scrolls
 a - a scroll of identify
 j - 4 scrolls of teleportation
 k - 4 scrolls of enchant weapon
 l - a scroll of noise
 m - a scroll of vulnerability
 n - 2 scrolls of fear
 s - a scroll of magic mapping
 v - 3 scrolls of enchant armour
 x - 5 scrolls of fog
 y - 2 scrolls of amnesia
 G - 2 scrolls of blinking
Potions
 b - a potion of mutation {unknown}
 e - 2 potions of curing {unknown}
 h - 2 potions of resistance {unknown}
 p - 3 potions of magic {unknown}
 r - 3 potions of brilliance {unknown}
 t - 2 potions of haste
 u - 2 potions of invisibility {unknown}
 w - a potion of experience {unknown}
 B - a potion of ambrosia {unknown}
 E - a potion of degeneration {unknown}


   Skills:
 * Level 4.9 Fighting
 - Level 2.3 Long Blades
 - Level 3.5 Armour
 - Level 15.0 Shields


You had 9 spell levels left.
You didn't know any spells.
Your spell library contained the following spells:

 Spells                   Type           Power      Damage    Failure   Level
 Magic Dart               Conj           0%         1d3       98%         1
 Call Imp                 Summ           0%         N/A       99%         2
 Sublimation of Blood     Necr           0%         N/A       99%         2
 Wereblood                Tmut           0%         N/A       99%         2
 Call Canine Familiar     Summ           0%         N/A       100%        3
 Mephitic Cloud           Conj/Pois/Air  0%         N/A       100%        3
 Portal Projectile        Hex/Tloc       0%         N/A       100%        3
 Airstrike                Air            0%         N/A       100%        4
 Leda's Liquefaction      Hex/Erth       0%         N/A       100%        4
 Summon Lightning Spire   Summ/Air       0%         N/A       100%        4
 Freezing Cloud           Conj/Ice/Air   0%         6-21      100%        5
 Lightning Bolt           Conj/Air       0%         1d11      100%        5
 Simulacrum               Ice/Necr       0%         N/A       100%        6
 Summon Hydra             Summ           0%         N/A       100%        7
 Polar Vortex             Ice            0%         N/A       100%        9


Dungeon Overview and Level Annotations

Branches:
Dungeon (8/15)             Temple (1/1) D:7           Sewer (visited)
Ossuary (visited)
   Lair: D:8-11

Altars:
Gozag
Okawaru
Qazlal
Sif Muna
Wu Jian
Xom
The Shining One


Message History

You slash the two-headed ogre!
The two-headed ogre is moderately wounded.
You block the two-headed ogre's attack. x2
You hit the two-headed ogre.
The two-headed ogre is moderately wounded.
You block the two-headed ogre's attack. x2
You slash the two-headed ogre!
The two-headed ogre is heavily wounded.
The two-headed ogre hits you with a +0 giant spiked club!!
The two-headed ogre hits you with a +0 giant club.
You hit the two-headed ogre but do no damage.
The two-headed ogre is heavily wounded.
You block the two-headed ogre's attack. x2
You hit the two-headed ogre.
The two-headed ogre is heavily wounded.
The two-headed ogre hits you with a +0 giant spiked club!
The two-headed ogre hits you but does no damage.
You are too injured to fight recklessly!
You are too injured to fight recklessly!
You hit the two-headed ogre.
The two-headed ogre is heavily wounded.
The two-headed ogre hits you but does no damage. x2
You hit the two-headed ogre but do no damage.
The two-headed ogre is heavily wounded.
The two-headed ogre hits you with a +0 giant spiked club.
You block the two-headed ogre's attack.
You barely miss the two-headed ogre.
The two-headed ogre is heavily wounded.
The two-headed ogre hits you with a +0 giant spiked club!
The two-headed ogre hits you with a +0 giant club!
* * * LOW HITPOINT WARNING * * *
You hit the two-headed ogre.
The two-headed ogre is heavily wounded.
The two-headed ogre barely misses you.
The two-headed ogre hits you but does no damage.
Okay, then.
You slash the two-headed ogre!
The two-headed ogre is severely wounded.
The two-headed ogre hits you with a +0 giant spiked club!!
You die...

###.###### ##..###..##
...##....###....#)...##
#.###.#####...........#
#.# #.# ######.###### ..#
#.# ##### #._(# ## ##
..###.###...####.##
..#... .............# ###
#..(.
.####.###...#######..####
.####.####......@O......#
...........#######.####>#
.####.####.# #(# .# #.#
#.# #.# .# ..# #.# #.# .#
### #.# #.# .# #.# #).
.#.## #.# ..# ......


You could see a two-headed ogre.

Vanquished Creatures
  Pikel (D:4)
  A hornet (D:4)
  3 vampire mosquitoes
  Duvessa (D:4)
  2 orc warriors
  2 sky beasts
  A necrophage (D:3)
  2 ogres (D:6)
  A centaur (D:8)
  2 elf zombies (Ossuary)
  4 kobold brigands
  2 scorpions (D:6)
  A wyvern skeleton (D:5)
  Dowan (D:4)
  5 wights (D:8)
  4 centaur zombies
  2 centaur skeletons
  7 hounds
  A human zombie (Ossuary)
  3 orc priests
  Crazy Yiuf (D:5)
  A gnoll shaman (D:5)
  Jessica (D:2)
  Ijyb (D:4)
  3 orc wizards
  Natasha (thrice) (D:2)
  An iguana (D:7)
  2 hound zombies (Ossuary)
  4 mummies
  Robin (D:2)
  10 adders
  14 gnolls
  4 river rats (D:3)
  A shadow imp (D:7)
  3 white imps
  7 adder zombies (Ossuary)
  3 worms
  3 dart slugs
  18 orcs
  9 ball pythons
  10 endoplasms
  2 giant cockroaches
  3 gnoll zombies (Ossuary)
  5 hobgoblins
  8 jackals (D:1)
  3 quokkas
  7 bats
  2 frilled lizards
  10 goblins
  3 goblin zombies (Ossuary)
  3 hobgoblin zombies (Ossuary)
  4 jackal zombies (Ossuary)
  30 kobolds
  3 kobold zombies
  5 orc zombies
  A quokka zombie (Ossuary)
  13 rats
  2 rat zombies (Ossuary)
250 creatures vanquished.

Vanquished Creatures (collateral kills)
  An orc (D:3)
1 creature vanquished.

Vanquished Creatures (others)
  An orc wizard (D:5)
1 creature vanquished.

Grand Total: 252 creatures vanquished

Notes
Turn   | Place    | Note
-------+----------+-------------------------------------------
     0 | D:1      | Crownlay the Hill Orc Fighter began the quest for the Orb.
     0 | D:1      | Reached XP level 1. HP: 19/19 MP: 1/1
    64 | D:1      | Reached XP level 2. HP: 24/27 MP: 2/2
    85 | D:1      | Found a faded altar of an unknown god.
   272 | D:1      | Reached XP level 3. HP: 23/33 MP: 3/3
   395 | D:1      | Reached skill level 4 in Shields
  1082 | D:2      | Found a shimmering blue altar of Sif Muna.
  1089 | D:2      | Reached XP level 4. HP: 32/40 MP: 4/4
  1196 | D:2      | Noticed Robin
  1208 | D:2      | Killed Robin
  1217 | D:2      | Reached skill level 5 in Shields
  1538 | D:2      | Noticed Jessica
  1538 | D:2      | Noticed Natasha
  1549 | D:2      | Killed Natasha
  1555 | D:2      | Killed Jessica
  1556 | D:2      | Reached XP level 5. HP: 29/46 MP: 5/5
  1556 | D:2      | Noticed Natasha
  1560 | D:2      | Killed Natasha
  1561 | D:2      | Reached skill level 6 in Shields
  1952 | D:2      | Noticed Natasha
  1971 | D:2      | Killed Natasha
  2388 | D:3      | Reached XP level 6. HP: 14/52 MP: 6/6
  2672 | D:3      | Found a glowing drain.
  2678 | Sewer    | Entered a sewer
  2801 | Sewer    | Reached skill level 7 in Shields
  3398 | D:3      | Reached skill level 8 in Shields
  3743 | D:3      | Reached XP level 7. HP: 59/59 MP: 7/7
  4491 | D:4      | Noticed Ijyb
  4498 | D:4      | Killed Ijyb
  5004 | D:4      | Noticed Pikel
  5041 | D:4      | HP: 4/88 [Pikel (6)]
  5041 | D:4      | HP: 1/88 [Pikel (3)]
  5042 | D:4      | Killed Pikel
  5043 | D:4      | Reached skill level 10 in Shields
  5043 | D:4      | Reached XP level 8. HP: 1/66 MP: 8/8
  5394 | D:4      | Noticed Dowan
  5411 | D:4      | Killed Dowan
  5465 | D:4      | Noticed Duvessa
  5916 | D:4      | Killed Duvessa
  5917 | D:4      | Reached skill level 11 in Shields
  6429 | D:5      | Entered Level 5 of the Dungeon
  7257 | D:5      | Noticed a hornet
  7310 | D:4      | Killed a hornet
  7311 | D:4      | Reached skill level 12 in Shields
  7311 | D:4      | Reached XP level 9. HP: 31/71 MP: 9/9
  8000 | D:5      | Found a runed translucent door.
  8014 | D:5      | Noticed Crazy Yiuf
  8030 | D:5      | Killed Crazy Yiuf
  8812 | D:6      | Reached skill level 13 in Shields
  9684 | D:7      | Found a sand-covered staircase.
  9900 | Ossuary  | Entered an ossuary
 10404 | Ossuary  | Reached skill level 14 in Shields
 10986 | D:7      | Reached XP level 10. HP: 67/78 MP: 10/10
 11083 | D:7      | Found a staircase to the Ecumenical Temple.
 11090 | Temple   | Entered the Ecumenical Temple
 11099 | Temple   | Became a worshipper of Warmaster Okawaru
 12153 | D:8      | Found a glowing golden altar of the Shining One.
 12232 | D:8      | Reached skill level 15 in Shields
 12755 | D:8      | Noticed a two-headed ogre
 12769 | D:8      | Slain by a two-headed ogre

Illustrated notes

Levels and vault maps discovered:
D:1:      lemuel_arrival_behind_the_door_large, layout_basic,
          hellmonk_ecumenical_altar_blasted
D:2:      layout_basic, basic_altar, minmay_circle_x, uniq_jessica, uniq_robin,
          uniq_natasha
D:3:      layout_basic, lightli_sewer_entry_pipes, minmay_door_square,
          st_stairs_3, kennysheep_boxes
D:4:      layout_gridville, amcnicky_mini_corridor_feature,
          kennysheep_cross_room, chequers_arboretum, uniq_pikel, uniq_ijyb,
          uniq_duvessa
D:5:      layout_cave_pools, uniq_crazy_yiuf_cottage
D:6:      layout_rooms, minmay_mini_ossuary
D:7:      layout_loops_ring, temple_green, lightli_ossuary_entry_decrepit_ruins
D:8:      layout_loops_ring, nicolae_tso_swordbearing_angel, serial_shops,
          nicolae_shop_crystal
Temple:   nicolae_temple_the_god_donut

Skill      XL: |  1  2  3  4  5  6  7  8  9 10 |
---------------+-------------------------------+-----
Fighting       | 4 |  4.9
Shields        | 4 5 6 8 10 12 14 15 | 15.0
Long Blades    | |  2.3
Armour         | |  3.5

Action                   |  1- 3 |  4- 6 |  7- 9 | 10-12 || total
-------------------------+-------+-------+-------+-------++-------
Melee: Long sword        |    84 |   231 |   820 |   130 ||  1265
       Scimitar          |       |       |       |    23 ||    23
Evoke: Wand              |       |       |       |     1 ||     1
  Use: Potion            |       |     3 |     9 |     4 ||    16
       Scroll            |       |     3 |     9 |       ||    12
 Stab: Distracted        |       |     1 |       |       ||     1
Armor: Scale mail        |    46 |   134 |    20 |       ||   200
       Skin              |       |    26 |    11 |       ||    37
       Chain mail        |       |       |   463 |    76 ||   539
Dodge: Dodged            |    50 |   144 |   302 |    62 ||   558
Block: Buckler           |       |    69 |   224 |       ||   293
       Kite shield       |       |       |   164 |   168 ||   332
       Rpst.: Long sword |    20 |    45 |    96 |    19 ||   180
